 Dungeon Crawl Stone Soup version 0.29.0-13-gc9e81de378 (webtiles) character file.

Game seed: 15931078002752456948

1857 Zonian the Fighter (level 8, -8/97 HPs)
             Began as a Demonspawn Gladiator on Sept 10, 2022.
             Was a Believer of Hepliaklqana.
             Mangled by a hellwing (12 damage)
             ... on level 7 of the Dungeon.
             The game lasted 00:20:10 (10737 turns).

Zonian the Fighter (Demonspawn Gladiator)          Turns: 10737, Time: 00:20:13

Health: -8/97      AC: 24    Str: 18    XL:     8   Next: 89%
Magic:  8/8        EV:  2    Int:  9    God:    Hepliaklqana [**....]
Gold:   402        SH:  0    Dex: 17    Spells: 7/7 levels left

rFire   + . .      SeeInvis .   A - +8 short sword of Ancient Evil {drain, Str+3}
rCold   + . .      Faith    .   (no shield)
rNeg    . . .      Spirit   .   (body armour currently unavailable)
rPois   +          Reflect  .   (helmet currently unavailable)
rElec   +          Harm     .   (cloak currently unavailable)
rCorr   +          Rampage  .   (gloves currently unavailable)
Will    .....      NoTele   +   (boots currently unavailable)
Stlth   ++........              (no amulet)
HPRegen 0.26/turn               (no ring)
MPRegen 0.22/turn               (no ring)

@: mighty, tree-form (expiring), resistant, studying 2 skills
A: stationary, stasis, torment immunity, boosted hp, reduced essence, foul
stench 1, magic regeneration, (weakness stinger 2)
a: Renounce Religion, Recall Ancestor, Ancestor Identity


You were on level 7 of the Dungeon.
You worshipped Hepliaklqana.
Hepliaklqana was pleased with you.
You were a tree.
You visited 1 branch of the dungeon, and saw 7 of its levels.

You collected 402 gold pieces.

Inventory:

Hand Weapons
 a - a +0 rapier of protection
 f - a +2 dagger of venom
 r - a +1 short sword of draining
 A - the +8 short sword of Ancient Evil (weapon) {drain, Str+3}
   (You found it on level 4 of the Dungeon)

   A truly terrible weapon, it drains the life of any living foe it strikes.
   Str:       It affects your strength (+3).
 G - a +0 sling
Missiles
 e - a javelin
 p - 31 poisoned darts (quivered)
 B - 4 atropa-tipped darts
Armour
 b - a +1 leather armour (melded)
 c - a +1 helmet (melded)
 m - a +0 leather armour
 w - a +0 pair of boots (melded)
 y - a +0 pair of gloves (melded)
Magical Staves
 s - a staff of cold
 u - a staff of death
Jewellery
 x - an amulet of faith
Wands
 v - a wand of flame (10)
 C - a wand of roots (11)
Scrolls
 g - 2 scrolls of brand weapon
 j - a scroll of enchant armour
 l - a scroll of magic mapping
Potions
 k - a potion of magic
 n - 2 potions of brilliance
 q - a potion of haste {unknown}
 t - a potion of mutation {unknown}
 E - a potion of flight {unknown}


   Skills:
 + Level 10.3 Fighting
 + Level 7.7 Short Blades
 - Level 2.5 Throwing
 - Level 3.2 Dodging


You had 7 spell levels left.
You didn't know any spells.
Your spell library contained the following spells:

 Spells                   Type           Power      Damage    Failure   Level
 Gell's Gravitas          Tloc           0%         N/A       77%         3
 Summon Guardian Golem    Hex/Summ       0%         N/A       77%         3
 Teleport Other           Tloc           0%         N/A       77%         3
 Dispersal                Tloc           0%         N/A       100%        6
 Orb of Destruction       Conj           0%         9d5       100%        7
 Spellforged Servitor     Conj/Summ      0%         N/A       100%        7


Dungeon Overview and Level Annotations

Branches:
Dungeon (7/15)             Temple (0/1) D:7

Altars:
Cheibriados
Dithmenos
Hepliaklqana
Nemelex Xobeh
Wu Jian
Yredelemnul

Annotations:
D:2 Natasha


Innate Abilities, Weirdness & Mutations

You are a tree.
Your roots penetrate the ground, keeping you stationary.
You cannot be teleported.
You are immune to unholy pain and torment.
Your maximum health is greatly increased.
Your equipment is partially melded.
Your life essence is reduced to manifest your ancestor. (-10% HP)
You may rarely emit foul miasma when damaged in melee.
You regenerate magic rapidly.
((You have a tail ending in a sharp stinger.))


Message History

* * * LOW HITPOINT WARNING * * *
A white imp comes into view.
The hellwing completely misses you. The hellwing hits you!
* * * LOW HITPOINT WARNING * * *
The hellwing hits you but does no damage. x2
Unknown command.
You feel better.
The grasping roots constrict the hellwing!
The grasping roots constrict the hellwing.
The grasping roots constrict the shadow imp!
You kill the shadow imp!
The roots release their grip on the hellwing. x2
The centaur warrior zombie hits you but does no damage.
The centaur warrior zombie kicks you but does no damage.
The centaur warrior zombie hits you but does no damage.
The centaur warrior zombie kicks you but does no damage.
The hellwing hits you but does no damage. x2
The hellwing hits you!
* * * LOW HITPOINT WARNING * * *
You emit a cloud of foul miasma!
The hellwing hits you but does no damage.
The centaur warrior zombie barely misses you.
The centaur warrior zombie kicks you but does no damage.
You hit the hellwing.
The hellwing is almost dead.
The centaur warrior zombie hits you but does no damage.
The centaur warrior zombie kicks you but does no damage.
A hound comes into view.
The hellwing hits you but does no damage. x2
The centaur warrior zombie hits you but does no damage.
The centaur warrior zombie kicks you but does no damage.
The hellwing hits you but does no damage. x2
It was a potion of resistance.
You feel protected.
The centaur warrior zombie hits you but does no damage.
The centaur warrior zombie kicks you but does no damage.
The centaur warrior zombie hits you but does no damage.
The centaur warrior zombie barely misses you.
The hellwing hits you!
You die...

##..<...#. ######
###...### #....##
#...###..
#.....####.#.......
######.....#.....##..>.
#...#()#..........#....
##...5((###........##...
......Z†# #.........# #
......Z♣# ##........#
.......44# ...........
......##5#Z..##......#.
...... 5Z............
.h.... ...... #......
.#.### ..8. #.


PP..P # ...... You could see 2 hellwings, a hound, 2 shadow imps, an ufetubus, 2
centaur warrior zombies and a centaur warrior skeleton.

Vanquished Creatures
  Grinder (D:4)
  Sigmund (D:4)
  A wraith (D:6)
  A black bear (D:5)
  A phantom (D:6)
  A kobold brigand (D:7)
  2 scorpions
  3 howler monkeys
  A gnoll bouda (D:5)
  5 hounds
  An iron imp (D:6)
  3 iguanas
  Natasha (D:2)
  3 gnolls (D:5)
  3 adders
  2 shadow imps
  2 worms
  A dart slug (D:2)
  7 orcs
  5 ball pythons
  5 endoplasms
  3 giant cockroaches
  8 goblins
  9 hobgoblins
  4 jackals (D:2)
  13 kobolds
  4 quokkas
  2 bats
  2 frilled lizards
  2 rats (D:2)
97 creatures vanquished.

Vanquished Creatures (collateral kills)
  A centaur zombie (D:7)
  A howler monkey (D:7)
  A jelly (D:5)
  3 shadow imps
  A worm (D:5)
  2 kobolds (D:7)
9 creatures vanquished.

Vanquished Creatures (others)
  A hexer (D:7)
  A plant (D:2)
  5 withered plants (D:7)
7 creatures vanquished.

Grand Total: 113 creatures vanquished

Notes
Turn   | Place    | Note
-------+----------+-------------------------------------------
     0 | D:1      | Zonian the Demonspawn Gladiator began the quest for the
                  | Orb.
     0 | D:1      | Reached XP level 1. HP: 16/16 MP: 1/1
   414 | D:1      | Gained mutation: You have a small tail. [demonic ancestry]
   414 | D:1      | Reached XP level 2. HP: 22/22 MP: 2/2
   439 | D:1      | Found a faded altar of an unknown god.
  2847 | D:2      | Gained mutation: You have a tail ending in a sharp stinger.
                  | [demonic ancestry]
  2847 | D:2      | Reached XP level 3. HP: 28/28 MP: 3/3
  4177 | D:2      | Noticed Natasha
  4184 | D:2      | Killed Natasha
  4185 | D:2      | Reached XP level 4. HP: 30/34 MP: 4/4
  4585 | D:2      | Noticed Natasha
  5967 | D:3      | Reached skill level 3 in Fighting
  6501 | D:3      | Found a hazy altar of Hepliaklqana.
  6506 | D:3      | Became a worshipper of Hepliaklqana the Forgotten
  6698 | D:4      | Noticed Grinder
  6727 | D:4      | Paralysed by Grinder for 3 turns
  6731 | D:4      | Killed Grinder
  6732 | D:4      | Reached skill level 4 in Fighting
  6732 | D:4      | Gained mutation: You regenerate magic rapidly. [demonic
                  | ancestry]
  6732 | D:4      | Reached XP level 5. HP: 9/42 MP: 5/5
  6732 | D:4      | Gained mutation: You may rarely emit foul miasma when
                  | damaged in melee. [demonic ancestry]
  6732 | D:4      | Reached XP level 6. HP: 10/48 MP: 6/6
  7369 | D:4      | Found an ornate altar of the Wu Jian Council.
  7450 | D:4      | Noticed Sigmund
  7459 | D:4      | Killed Sigmund
  7460 | D:4      | Reached skill level 5 in Fighting
  7769 | D:4      | Identified the +8 short sword of Ancient Evil {drain,
                  | Str+3}
  8008 | D:5      | Entered Level 5 of the Dungeon
  8046 | D:5      | Reached skill level 5 in Short Blades
  8076 | D:5      | Reached * piety under Hepliaklqana
  8470 | D:5      | Found a sparkling altar of Nemelex Xobeh.
  8517 | D:5      | Reached XP level 7. HP: 44/50 MP: 7/7
  8523 | D:5      | Identified 2 scrolls of acquirement
  8523 | D:5      | Acquired a manual of Fighting
  8890 | D:5      | Reached skill level 6 in Fighting
  9016 | D:5      | Reached skill level 7 in Fighting
  9482 | D:6      | Found a snail-covered altar of Cheibriados.
  9518 | D:6      | Acquired a manual of Long Blades
  9527 | D:6      | Reached XP level 8. HP: 61/61 MP: 8/8
  9535 | D:6      | Reached skill level 8 in Fighting
 10536 | D:6      | Found a shadowy altar of Dithmenos.
 10536 | D:6      | Found a faded altar of an unknown god.
 10542 | D:6      | Found a faded altar of an unknown god.
 10544 | D:6      | Reached ** piety under Hepliaklqana
 10545 | D:6      | Remembered your ancestor Gideon as a hexer
 10547 | D:6      | Found a basalt altar of Yredelemnul.
 10653 | D:7      | Found a staircase to the Ecumenical Temple.
 10676 | D:7      | Reached skill level 9 in Fighting
 10690 | D:7      | Noticed a hellwing
 10691 | D:7      | Noticed a hellwing
 10704 | D:7      | Reached skill level 10 in Fighting
 10735 | D:7      | HP: 4/97 [hellwing (10)]
 10737 | D:7      | Mangled by a hellwing

Illustrated notes

Levels and vault maps discovered:
D:1:      wander_arrival_lonely_grave, layout_basic,
          hellmonk_ecumenical_altar_zigzags
D:2:      layout_loops_ring, serial_bayou_pond_b, uniq_natasha
D:3:      layout_basic, nzn_hepliaklqana_mist_gate
D:4:      layout_loops_cross, nzn_wu_jian_contemplation, uniq_grinder,
          uniq_sigmund
D:5:      layout_loops_ring, lemuel_tele_altar, hangedman_decor_push
D:6:      layout_basic, chequers_temple_overflow_minitemple, slow_altar_2
D:7:      cheibrodos_grave_circle, layout_cave_pools, kennysheep_mini_moat,
          minmay_temple_entry_slanted, serial_demonic, serial_demonic_b,
          serial_demonic_e, serial_demonic_e, serial_demonic_d,
          columned_hall_lemuel

Skill      XL: |  1  2  3  4  5  6  7  8 |
---------------+-------------------------+-----
Throwing       | 2 |  2.5
Short Blades   | 3 4 5 6 7 |  7.7
Dodging        | 3 |  3.2
Fighting       | 4 5 7 10 | 10.3

Action                   |  1- 3 |  4- 6 |  7- 9 || total
-------------------------+-------+-------+-------++-------
Melee: Rapier            |   132 |    16 |       ||   148
       Tailslap          |    15 |    19 |     7 ||    41
       Punch             |     1 |       |     2 ||     3
       Dagger            |       |    46 |       ||    46
       Short sword       |       |    26 |   121 ||   147
Throw: Throwing net      |     1 |     2 |     3 ||     6
       Dart              |       |    13 |       ||    13
Invok: Ancestor Identity |       |     1 |       ||     1
       Ancestor Life: He |       |       |     1 ||     1
Evoke: Wand              |       |       |     3 ||     3
  Use: Scroll            |       |    10 |     8 ||    18
       Potion            |       |     1 |     9 ||    10
 Stab: Held in net/web   |     1 |     1 |     4 ||     6
       Sleeping          |       |     2 |     1 ||     3
       Distracted        |       |       |     2 ||     2
       Confused          |       |       |     1 ||     1
Armor: Leather armour    |    40 |    13 |    39 ||    92
       Skin              |       |       |   169 ||   169
Dodge: Dodged            |    95 |    41 |    60 ||   196
